 Dungeon Crawl Stone Soup version 0.23-a0-189-gc87c613 (webtiles) character file.

1618 Felrender the Blocker (level 8, 0/67 HPs)
             Began as a Minotaur Fighter on Sept 23, 2018.
             Was a Follower of Trog.
             Killed by nerve-wracking pain
             ... invoked by an orc priest
              (5 damage)
             ... on level 6 of the Dungeon.
             The game lasted 00:11:21 (4928 turns).

Felrender the Blocker (Minotaur Fighter)            Turns: 4928, Time: 00:11:21

Health: 0/67       AC: 13    Str: 29    XL:     8   Next: 64%
Magic:  7/7        EV:  8    Int:  5    God:    Trog [*.....]
Gold:   238        SH: 18    Dex:  9    Spells: 7/7 levels left

rFire    . . .     SeeInvis .   a - +0 war axe
rCold    . . .     Gourm    .   i - +0 large shield
rNeg     . . .     Faith    .   r - +3 ring mail
rPois    .         Spirit   .   (helmet restricted)
rElec    .         Reflect  .   (no cloak)
rCorr    +         Harm     .   (no gloves)
MR       .....                  g - +1 pair of boots
Stlth    ..........             (no amulet)
HPRegen  0.21/turn              h - +2 ring of protection
MPRegen  0.10/turn              m - ring of resist corrosion

@: mighty
A: retaliatory headbutt, horns 2
a: Berserk, Renounce Religion


You were on level 6 of the Dungeon.
You worshipped Trog.
Trog was aware of your devotion.
You were not hungry.

You visited 2 branches of the dungeon, and saw 7 of its levels.

You collected 238 gold pieces.

Inventory:

Hand Weapons
 a - a +0 war axe (weapon)
Armour
 g - a +1 pair of boots (worn)
 i - a +0 large shield (worn)
 j - a +0 chain mail
 r - a +3 ring mail (worn)
Jewellery
 h - a +2 ring of protection (left hand)
 m - a ring of resist corrosion (right hand)
Wands
 l - a wand of digging (10)
 p - a wand of polymorph (13)
 s - a wand of iceblast (8)
Scrolls
 k - 2 scrolls of remove curse
 n - 3 scrolls of identify
 q - 2 scrolls of fog
Potions
 c - a potion of resistance
 d - a potion of might
 e - 4 potions of curing
Comestibles
 b - 18 chunks of flesh
 f - 9 rations


   Skills:
 + Level 4.8 Fighting
 + Level 7.2 Axes
 + Level 5.9 Armour
 + Level 2.4 Dodging
 + Level 0.2 Stealth
 * Level 9.8 Shields


You had 7 spell levels left.
You didn't know any spells.
Your spell library was empty.

Dungeon Overview and Level Annotations

Branches:
Dungeon (6/15)             Temple (1/1) D:5

Altars:
Ashenzari
Cheibriados
Elyvilon
Fedhas
Gozag
Hepliaklqana
Kikubaaqudgha
Makhleb
Nemelex Xobeh
Okawaru
Qazlal
Ru
Sif Muna
Trog
Uskayaw
Vehumet
Wu Jian
Xom
Yredelemnul
Zin
The Shining One


Innate Abilities, Weirdness & Mutations

You reflexively headbutt those who attack you in melee.
You have a pair of horns on your head.


Message History

* * * LOW HITPOINT WARNING * * *
The ice beast freezes you!
* * * LOW HITPOINT WARNING * * *
You slice the ice beast!!
You kill the ice beast!
Trog accepts your kill.
You can now go berserk at will.
Your Axes skill increases to level 7!
The orc warrior closely misses you.
You closely miss the orc warrior.
The orc warrior is severely wounded.
You block the orc warrior's attack.
You barely miss the orc warrior. You headbutt the orc warrior!
You kill the orc warrior!
Trog accepts your kill.
You slice the leopard gecko!!
You kill the leopard gecko!
Trog accepts your kill.
The orc priest calls down the wrath of Beogh upon you.
Pain shoots through your body!
You die...

...#..##..###
##.#)### #....<.....
##..#.# #.....
###..#######..##.###
.....
................#
....
..#####...####### .
# #..### . . #.## .
#. #)# . #.###@# .
...#)# . #.#o# .
#.oo# .. ##..##
##.##...#
......#.######
......#......#
........l.....#


You could see an orc priest and 2 orcs.

Vanquished Creatures
  Sigmund (D:2)
  An ice beast (D:6)
  A sky beast (D:5)
  An orc warrior (D:6)
  2 ogres
  A centaur (D:5)
  A bullfrog (D:5)
  A scorpion (D:4)
  A howler monkey (D:4)
  2 crimson imps
  A bullfrog zombie (D:5)
  A centaur skeleton (D:5)
  2 jellies (D:6)
  2 orc priests
  6 worker ants
  5 orc wizards
  A worker ant zombie (D:5)
  11 adders
  A shadow imp (D:5)
  An ooze (D:3)
  2 adder skeletons
  7 worms
  A dart slug (D:1)
  4 leopard geckos
  22 orcs
  4 ball pythons
  5 giant cockroaches
  4 goblins
  5 hobgoblins
  6 jackals (D:3)
  7 kobolds
  2 quokkas
  11 bats
  4 frilled lizards
  A leopard gecko zombie (D:5)
  A quokka zombie (D:5)
  9 rats
138 creatures vanquished.

Notes
Turn   | Place    | Note
-------+----------+-------------------------------------------
     0 | D:1      | Felrender the Minotaur Fighter began the quest for the Orb.
     0 | D:1      | Reached XP level 1. HP: 19/19 MP: 0/0
   248 | D:1      | Reached XP level 2. HP: 27/27 MP: 1/1
   355 | D:1      | Reached skill level 4 in Shields
  1082 | D:2      | Reached XP level 3. HP: 33/33 MP: 2/2
  1111 | D:2      | Found a sacrificial altar of Ru.
  1221 | D:2      | Reached XP level 4. HP: 36/40 MP: 3/3
  1231 | D:2      | Found a faded altar of an unknown god.
  1367 | D:2      | Noticed Sigmund
  1387 | D:2      | Killed Sigmund
  1387 | D:2      | Reached skill level 1 in Dodging
  1387 | D:2      | Reached skill level 6 in Shields
  1387 | D:2      | Reached XP level 5. HP: 26/46 MP: 4/4
  1834 | D:3      | Reached XP level 6. HP: 43/52 MP: 5/5
  2699 | D:4      | Reached skill level 7 in Shields
  2955 | D:4      | Reached XP level 7. HP: 59/59 MP: 6/6
  2994 | D:4      | Found an ornate altar of the Wu Jian Council.
  3039 | D:4      | Reached skill level 5 in Axes
  3319 | D:5      | Entered Level 5 of the Dungeon
  3345 | D:5      | Reached skill level 5 in Armour
  3782 | D:5      | Reached skill level 8 in Shields
  4007 | D:5      | Reached XP level 8. HP: 51/67 MP: 7/7
  4113 | D:5      | Reached skill level 9 in Shields
  4272 | D:5      | Found a staircase to the Ecumenical Temple.
  4439 | Temple   | Entered the Ecumenical Temple
  4576 | Temple   | Became a worshipper of Trog the Wrathful
  4925 | D:6      | Reached * piety under Trog
  4928 | D:6      | Killed from afar by an orc priest

Vault maps used:
D:1:      dpeg_arrival_fog, minmay_crystal_room, skrybe_limestone_x
D:2:      chequers_ecumenical_altar_lobes, nicolae_ru_great_annihilating_truth,
          uniq_sigmund
D:3:      grunt_ministairs_1
D:4:      kennysheep_little_box, first_ration
D:5:      minmay_temple_entry_poolview
D:6:      uniq_duvessa
Temple:   regret_index_temple_chain_breaker

Skill      XL: |  1  2  3  4  5  6  7  8 |
---------------+-------------------------+-----
Armour         | 4 5 |  5.9
Shields        | 4 6 7 8 9 |  9.8
Axes           | 3 4 5 7 |  7.2
Fighting       | 4 |  4.8
Dodging        | 1 2 |  2.4
Stealth        | |  0.2

Action                   |  1- 3 |  4- 6 |  7- 9 || total
-------------------------+-------+-------+-------++-------
Melee: War axe           |    69 |   191 |   191 ||   451
       Headbutt          |     8 |    35 |    34 ||    77
  Use: Scroll            |     5 |     7 |     2 ||    14
       Potion            |       |     1 |     3 ||     4
 Stab: Paralysed         |     1 |       |       ||     1
  Eat: Chunk             |     1 |     3 |     4 ||     8
       Ration            |       |     1 |     1 ||     2
Armor: Scale mail        |    26 |    48 |       ||    74
       Chain mail        |       |    30 |    46 ||    76
       Ring mail         |       |       |    16 ||    16
Dodge: Dodged            |    24 |    27 |    27 ||    78
Block: Shield            |    31 |       |       ||    31
       Large shield      |    34 |   187 |   134 ||   355

Table legend:
 A = Non-vault XP
 B = Vault XP
 C = Vault XP percentage of total XP
 D = Non-vault monster count
 E = Vault monster count
 F = Vault count percentage of total count
                 A         B        C        D         E       F
            +---------+---------+-------+---------+---------+-------
      Total |    2031 |     281 |  12.2 |     131 |       7 |   5.1
            +---------+---------+-------+---------+---------+-------
        D:1 |      31 |       0 |   0.0 |      17 |       0 |   0.0
        D:2 |      66 |     266 |  80.1 |      19 |       5 |  20.8
        D:3 |     142 |      15 |   9.6 |      34 |       2 |   5.6
        D:4 |     267 |       0 |   0.0 |      13 |       0 |   0.0
        D:5 |     818 |       0 |   0.0 |      26 |       0 |   0.0
        D:6 |     707 |       0 |   0.0 |      22 |       0 |   0.0
            +---------+---------+-------+---------+---------+-------
